TOP OF THE 1ST |
Jackson Generals batting - Pitching for Bowie Baysox : LHP Jason Williams
|
Pitching: LHP Jason Williams
|
|
Batting: RHB Tomokazu Sugimoto
|
0-0: Called Strike 0-1: Ball 1-1: Foul Ball, location: 2F 1-2: Ground out 5-3 (Groundball, 56, EV 81.2 MPH)
|
Batting: RHB Ryan Criollo
|
0-0: DOUBLE (Line Drive, 9LM, EV 93.8 MPH)
|
Batting: RHB Julian Gregory
|
0-0: Called Strike 0-1: Fly out, F8 (Flyball, 8RD, EV 89.4 MPH)
|
Batting: RHB Mike Conaway
|
0-0: Called Strike 0-1: Foul Ball, location: 2F 0-2: Strikes out swinging
|
Top of the 1st over - 0 runs, 1 hit, 0 errors, 1 left on base; Jackson 0 - Bowie 0 |
BOTTOM OF THE 1ST |
Bowie Baysox batting - Pitching for Jackson Generals : RHP Devon Washington
|
Pitching: RHP Devon Washington
|
|
Batting: RHB Jeremy Sipe
|
0-0: Called Strike 0-1: Ball 1-1: TRIPLE (Flyball, 7D, EV 107.5 MPH)
|
Batting: LHB Tom Edwards
|
0-0: Foul Ball, location: 2F 0-1: Ball 1-1: Ball 2-1: Foul Ball, location: 2F 2-2: Fly out, F9 (Flyball, 89D, EV 86.9 MPH) Runner from 3rd tags up, SCORES, no throw by RF
|
Batting: RHB Travis Leonard
|
0-0: Called Strike 0-1: SINGLE (Groundball, 56S, EV 70.6 MPH) (infield hit)
|
Batting: LHB Andrew Erens
|
0-0: Ball 1-0: Called Strike 1-1: Swinging Strike 1-2: Strikes out swinging
|
Batting: RHB Steve Jones
|
0-0: Hit by Pitch Travis Leonard to second
|
Batting: RHB John Gray
|
0-0: Ball 1-0: Swinging Strike 1-1: Foul Ball, location: 2F 1-2: Ball 2-2: Foul Ball, location: 2F 2-2: Foul Ball, location: 2F 2-2: Foul Ball, location: 2F 2-2: Ball 3-2: SINGLE (Groundball, 4, EV 95.6 MPH) Travis Leonard to third Steve Jones to second Travis Leonard scores Steve Jones to third
|
Batting: RHB Mike Pitts
|
0-0: Foul Ball, location: 2F 0-1: Called Strike 0-2: Foul Ball, location: 2F 0-2: Strikes out looking
|
Bottom of the 1st over - 2 runs, 3 hits, 0 errors, 2 left on base; Jackson 0 - Bowie 2 |
TOP OF THE 2ND |
Jackson Generals batting - Pitching for Bowie Baysox : LHP Jason Williams
|
Batting: RHB Adan Lake
|
0-0: Foul Ball, location: 2F 0-1: Fly out, F8 (Flyball, 8RD, EV 102.5 MPH)
|
Batting: RHB Victor Rosas
|
0-0: Called Strike 0-1: Ball 1-1: Called Strike 1-2: Ball 2-2: Ball 3-2: Foul Ball, location: 2F 3-2: Ground out 1-3 (Groundball, 15S, EV 66.9 MPH)
|
Batting: RHB Egidius Kruger
|
0-0: Ball 1-0: Called Strike 1-1: Called Strike 1-2: Ball 2-2: Strikes out looking
|
Top of the 2nd over - 0 runs, 0 hits, 0 errors, 0 left on base; Jackson 0 - Bowie 2 |
BOTTOM OF THE 2ND |
Bowie Baysox batting - Pitching for Jackson Generals : RHP Devon Washington
|
Batting: RHB Ray Sims
|
0-0: Ball 1-0: Swinging Strike 1-1: Ball 2-1: Ground out 5-3 (Groundball, 56, EV 110.6 MPH)
|
Batting: RHB Antonio Gamez
|
0-0: Ball 1-0: Ball 2-0: Called Strike 2-1: Ball 3-1: Reached on error, E5 (Groundball, 56S, EV 92.5 MPH)
|
Batting: RHB Jeremy Sipe
|
0-0: Bunt missed! 0-1: Ball 1-1: Ball 2-1: Ball 3-1: Called Strike 3-2: Foul Ball, location: 2F 3-2: Base on Balls
|
Batting: LHB Tom Edwards
|
0-0: Called Strike 0-1: Ball 1-1: Swinging Strike 1-2: Foul Ball, location: 2F 1-2: Foul Ball, location: 2F 1-2: Ball 2-2: 3-RUN HOME RUN (Flyball, 9LD, EV 93.8 MPH), Distance : 351 ft
|
Batting: RHB Travis Leonard
|
0-0: Foul Ball, location: 2F 0-1: SINGLE (Groundball, 56D, EV 99.4 MPH)
|
Pitching: RHP Adam Fair
|
|
Batting: LHB Andrew Erens
|
0-0: Swinging Strike 0-1: Called Strike 0-2: Strikes out swinging
|
Batting: RHB Steve Jones
|
0-0: Foul Ball, location: 2F 0-1: Ball 1-1: Foul Ball, location: 2F 1-2: Ball 2-2: Foul Ball, location: 2F 2-2: Ground out U3 (Groundball, 3, EV 100.6 MPH)
|
Bottom of the 2nd over - 3 runs, 2 hits, 1 error, 1 left on base; Jackson 0 - Bowie 5 |
TOP OF THE 3RD |
Jackson Generals batting - Pitching for Bowie Baysox : LHP Jason Williams
|
Batting: LHB Brent Dutcher
|
0-0: Called Strike 0-1: Ball 1-1: Ball 2-1: Fly out, F9 (Flyball, 89D, EV 99.4 MPH)
|
Batting: SHB Brendan Bundy
|
0-0: Ball 1-0: Ball 2-0: Called Strike 2-1: Foul Ball, location: 2F 2-2: Ball 3-2: Ground out 1-3 (Groundball, 15, EV 73.1 MPH)
|
Batting: RHB Tomokazu Sugimoto
|
0-0: Ball 1-0: Swinging Strike 1-1: Foul Ball, location: 2F 1-2: Ground out 1-3 (Groundball, 34S, EV 62.5 MPH)
|
Top of the 3rd over - 0 runs, 0 hits, 0 errors, 0 left on base; Jackson 0 - Bowie 5 |
BOTTOM OF THE 3RD |
Bowie Baysox batting - Pitching for Jackson Generals : RHP Adam Fair
|
Batting: RHB John Gray
|
0-0: Foul Ball, location: 2F 0-1: Swinging Strike 0-2: SINGLE (Groundball, 4MD, EV 98.8 MPH)
|
Batting: RHB Mike Pitts
|
0-0: Ball 1-0: SINGLE (Groundball, 56D, EV 98.1 MPH) John Gray to second
|
Batting: RHB Ray Sims
|
0-0: Foul Ball, location: 2F 0-1: Ball 1-1: Ball 2-1: SINGLE (Flyball, 8RS, EV 96.2 MPH) John Gray to third Mike Pitts to second
|
Batting: RHB Antonio Gamez
|
0-0: Ball 1-0: Fielders Choice at 2nd, 4-6 (Groundball, 4, EV 86.2 MPH) John Gray scores Mike Pitts to third
|
Batting: RHB Jeremy Sipe
|
0-0: Called Strike Antonio Gamez is caught stealing 2nd base 2-4 0-1: Foul Ball, location: 2F 0-2: Ball 1-2: Strikes out swinging
|
Bottom of the 3rd over - 1 run, 3 hits, 0 errors, 1 left on base; Jackson 0 - Bowie 6 |
TOP OF THE 4TH |
Jackson Generals batting - Pitching for Bowie Baysox : LHP Jason Williams
|
Batting: RHB Ryan Criollo
|
0-0: Called Strike 0-1: Ground out 6-3 (Groundball, 4M, EV 76.9 MPH)
|
Batting: RHB Julian Gregory
|
0-0: Ball 1-0: Called Strike 1-1: Ball 2-1: Foul Ball, location: 2F 2-2: Foul Ball, location: 2F 2-2: Ground out 4-3 (Groundball, 4, EV 107.5 MPH)
|
Batting: RHB Mike Conaway
|
0-0: Ball 1-0: Ball 2-0: Ground out 5-3 (Groundball, 5L, EV 101.2 MPH)
|
Top of the 4th over - 0 runs, 0 hits, 0 errors, 0 left on base; Jackson 0 - Bowie 6 |
BOTTOM OF THE 4TH |
Bowie Baysox batting - Pitching for Jackson Generals : RHP Adam Fair
|
Batting: LHB Tom Edwards
|
0-0: Ball 1-0: Ball 2-0: Ball 3-0: Base on Balls
|
Batting: RHB Travis Leonard
|
0-0: Foul Ball, location: 2F 0-1: Ball 1-1: Ball 2-1: Ball 3-1: DOUBLE (Line Drive, 89D, EV 110.6 MPH) Tom Edwards to third
|
Batting: LHB Andrew Erens
|
0-0: Ball 1-0: Called Strike 1-1: Swinging Strike 1-2: Ball 2-2: SINGLE (Line Drive, 5D, EV 95.0 MPH) Tom Edwards scores Travis Leonard to third
|
Batting: RHB Steve Jones
|
0-0: Foul Ball, location: 2F 0-1: Grounds into double play, 6-4-3 (Groundball, 6M, EV 100.6 MPH) Travis Leonard scores
|
Batting: RHB John Gray
|
0-0: Fly out, F2 (Popup, 3SF, EV 80.0 MPH)
|
Bottom of the 4th over - 2 runs, 2 hits, 0 errors, 0 left on base; Jackson 0 - Bowie 8 |
TOP OF THE 5TH |
Jackson Generals batting - Pitching for Bowie Baysox : LHP Jason Williams
|
Batting: RHB Adan Lake
|
0-0: Foul Ball, location: 2F 0-1: Ball 1-1: Foul Ball, location: 2F 1-2: Foul Ball, location: 2F 1-2: SINGLE (Line Drive, 3D, EV 97.5 MPH)
|
Batting: RHB Victor Rosas
|
0-0: Ball 1-0: Called Strike 1-1: Foul Ball, location: 2F 1-2: Foul Ball, location: 2F 1-2: Ball 2-2: Strikes out swinging
|
Batting: RHB Egidius Kruger
|
0-0: Ball 1-0: Ball 2-0: Fly out, F8 (Flyball, 8RM, EV 92.5 MPH)
|
Batting: LHB Brent Dutcher
|
0-0: Ball 1-0: Ball 2-0: Foul Ball, location: 2F 2-1: Ball 3-1: Called Strike 3-2: Strikes out looking
|
Top of the 5th over - 0 runs, 1 hit, 0 errors, 1 left on base; Jackson 0 - Bowie 8 |
BOTTOM OF THE 5TH |
Bowie Baysox batting - Pitching for Jackson Generals : RHP Adam Fair
|
Batting: RHB Mike Pitts
|
0-0: SINGLE (Groundball, 4MD, EV 94.4 MPH)
|
Batting: RHB Ray Sims
|
0-0: Called Strike 0-1: Grounds into double play, 5-4-3 (Groundball, 56, EV 84.4 MPH)
|
Batting: RHB Antonio Gamez
|
0-0: Called Strike 0-1: Ball 1-1: Swinging Strike 1-2: Fly out, F8 (Flyball, 78D, EV 103.1 MPH)
|
Bottom of the 5th over - 0 runs, 1 hit, 0 errors, 0 left on base; Jackson 0 - Bowie 8 |
TOP OF THE 6TH |
Jackson Generals batting - Pitching for Bowie Baysox : LHP Jason Williams
|
Batting: SHB Brendan Bundy
|
0-0: Called Strike 0-1: Ball 1-1: Ground out 4-3 (Groundball, 4S, EV 81.9 MPH)
|
Batting: RHB Tomokazu Sugimoto
|
0-0: Called Strike 0-1: SINGLE (Groundball, 6MD, EV 100.0 MPH)
|
Batting: RHB Ryan Criollo
|
0-0: Ball 1-0: Foul Ball, location: 2F 1-1: Fly out, F6 (Line Drive, 6, EV 68.1 MPH)
|
Batting: RHB Julian Gregory
|
0-0: Ball 1-0: TRIPLE (Flyball, 78XD, EV 91.9 MPH) Tomokazu Sugimoto scores
|
Batting: RHB Mike Conaway
|
0-0: Ball 1-0: Swinging Strike 1-1: Called Strike 1-2: Foul Ball, location: 2F 1-2: Fly out, F5 (Line Drive, 5, EV 65.6 MPH)
|
Top of the 6th over - 1 run, 2 hits, 0 errors, 1 left on base; Jackson 1 - Bowie 8 |
BOTTOM OF THE 6TH |
Bowie Baysox batting - Pitching for Jackson Generals : RHP Adam Fair
|
Pitching: RHP Kieran Easton
|
|
Batting: RHB Jeremy Sipe
|
0-0: Fly out, F7 (Line Drive, 7, EV 99.4 MPH)
|
Batting: LHB Tom Edwards
|
0-0: Called Strike 0-1: Ball 1-1: Ball 2-1: Called Strike 2-2: Strikes out looking
|
Batting: RHB Travis Leonard
|
0-0: SINGLE (Groundball, 4D, EV 93.8 MPH)
|
Pitching: RHP Jose Acevedo
|
|
Batting: LHB Andrew Erens
|
0-0: Called Strike Travis Leonard is caught stealing 2nd base 2-6
|
Bottom of the 6th over - 0 runs, 1 hit, 0 errors, 0 left on base; Jackson 1 - Bowie 8 |
TOP OF THE 7TH |
Jackson Generals batting - Pitching for Bowie Baysox : LHP Jason Williams
|
Batting: RHB Adan Lake
|
0-0: Foul Ball, location: 2F 0-1: Ground out 5-3 (Groundball, 5L, EV 79.4 MPH)
|
Batting: RHB Victor Rosas
|
0-0: Called Strike 0-1: Ball 1-1: Foul Ball, location: 2F 1-2: Ball 2-2: Ball 3-2: Strikes out swinging
|
Batting: RHB Egidius Kruger
|
0-0: Ball 1-0: Swinging Strike 1-1: Ball 2-1: Swinging Strike 2-2: Strikes out swinging
|
Top of the 7th over - 0 runs, 0 hits, 0 errors, 0 left on base; Jackson 1 - Bowie 8 |
BOTTOM OF THE 7TH |
Bowie Baysox batting - Pitching for Jackson Generals : RHP Jose Acevedo
|
Batting: LHB Andrew Erens
|
0-0: Ball 1-0: Ball 2-0: Ball 3-0: Base on Balls
|
Batting: RHB Steve Jones
|
0-0: SINGLE (Groundball, 6MS, EV 63.8 MPH) (infield hit) Andrew Erens to second
|
Pinch Hitting: LHB Justin Moore
|
0-0: Called Strike 0-1: Called Strike 0-2: Strikes out swinging
|
Batting: RHB Mike Pitts
|
0-0: Called Strike 0-1: Foul Ball, location: 2F 0-2: Fielders Choice at 2nd, 4-6 (Groundball, 4, EV 84.4 MPH) Andrew Erens to third
|
Batting: LHB Raul Rojas
|
0-0: Called Strike 0-1: Swinging Strike 0-2: Ball 1-2: Foul Ball, location: 2F 1-2: Ball 2-2: Foul Ball, location: 2F 2-2: Strikes out swinging
|
Bottom of the 7th over - 0 runs, 1 hit, 0 errors, 2 left on base; Jackson 1 - Bowie 8 |
TOP OF THE 8TH |
Jackson Generals batting - Pitching for Bowie Baysox : LHP Jason Williams
|
Pitching: RHP Zachery Noyes
|
|
Now in CF: Andrew Erens
|
|
Now in RF: Justin Moore
|
|
Batting: LHB Brent Dutcher
|
0-0: Ground out 3-1 (Groundball, 34, EV 105.0 MPH)
|
Pinch Hitting: RHB Hideo Okimura
|
0-0: Fly out, F8 (Flyball, 8RM, EV 80.6 MPH)
|
Batting: RHB Tomokazu Sugimoto
|
0-0: Ball 1-0: SINGLE (Groundball, 6MD, EV 109.4 MPH)
|
Batting: RHB Ryan Criollo
|
0-0: Ball 1-0: Called Strike 1-1: Foul Ball, location: 2F 1-2: Fly out, F7 (Line Drive, 78M, EV 93.8 MPH)
|
Top of the 8th over - 0 runs, 1 hit, 0 errors, 1 left on base; Jackson 1 - Bowie 8 |
BOTTOM OF THE 8TH |
Bowie Baysox batting - Pitching for Jackson Generals : RHP Jose Acevedo
|
Now at 1B: Hideo Okimura
|
|
Now in CF: Mike Conaway
|
|
Batting: RHB Antonio Gamez
|
0-0: Ball 1-0: Ball 2-0: Ball 3-0: Base on Balls
|
Pinch Hitting: LHB Shane Free
|
0-0: Ball Antonio Gamez is caught stealing 2nd base 2-6 1-0: Foul Ball, location: 2F 1-1: Foul Ball, location: 2F 1-2: Foul Ball, location: 2F 1-2: Ball 2-2: Foul Ball, location: 2F 2-2: Ball 3-2: Base on Balls
|
Pitching: LHP Chan-u Lee
|
|
Pinch Hitting: RHB Lee Deason
|
0-0: Called Strike 0-1: Swinging Strike 0-2: Foul Ball, location: 2F 0-2: Strikes out swinging
|
Batting: RHB Travis Leonard
|
0-0: Ball 1-0: Foul Ball, location: 2F 1-1: Ball 2-1: Called Strike 2-2: Strikes out swinging
|
Bottom of the 8th over - 0 runs, 0 hits, 0 errors, 1 left on base; Jackson 1 - Bowie 8 |
TOP OF THE 9TH |
Jackson Generals batting - Pitching for Bowie Baysox : RHP Zachery Noyes
|
Now at 1B: Hugo Moreno
|
|
Now at SS: Lee Deason
|
|
Pinch Hitting: RHB Ching-hsia Zhang
|
0-0: Called Strike 0-1: Ball 1-1: Called Strike 1-2: Ball 2-2: DOUBLE (Flyball, 78XD, EV 98.8 MPH)
|
Batting: RHB Mike Conaway
|
0-0: Ball 1-0: Called Strike 1-1: Foul Ball, location: 2F 1-2: Strikes out looking
|
Batting: RHB Adan Lake
|
0-0: DOUBLE (Line Drive, 7LM, EV 94.4 MPH) Ching-hsia Zhang scores
|
Batting: RHB Victor Rosas
|
0-0: Foul Ball, location: 2F 0-1: Ball 1-1: Ball 2-1: Foul Ball, location: 2F 2-2: SINGLE (Line Drive, 89M, EV 109.4 MPH) Adan Lake to third
|
Batting: RHB Egidius Kruger
|
0-0: Ball 1-0: Ball 2-0: Ball 3-0: Base on Balls Victor Rosas to second
|
Batting: LHB Brent Dutcher
|
0-0: Ball Wild Pitch! Adan Lake scores Victor Rosas to third Egidius Kruger to second 1-0: Called Strike 1-1: Ball 2-1: Foul Ball, location: 2F 2-2: Ball 3-2: Strikes out swinging
|
Batting: RHB Hideo Okimura
|
0-0: Ball 1-0: Fly out, F7 (Line Drive, 78M, EV 103.1 MPH)
|
Top of the 9th over - 2 runs, 3 hits, 0 errors, 2 left on base; Jackson 3 - Bowie 8 |
|